 Dungeon Crawl Stone Soup version 0.25-a0-474-ga8a2ee3166 (webtiles) character file.

Game seed: 10019690444099069202, levelgen mode: deterministic

536 Lugonue the Conjurer (level 7, 0/52 HPs)
             Began as a Yellow Draconian Conjurer on Feb 7, 2020.
             Slain by an adder (5 damage)
             ... on level 5 of the Dungeon.
             The game lasted 00:08:31 (4156 turns).

Lugonue the Conjurer (Yellow Draconian Conjurer)    Turns: 4156, Time: 00:08:32

Health: 0/52       AC:  9    Str: 13    XL:     7   Next: 4%
Magic:  12/12      EV: 13    Int: 15    God:
Gold:   259        SH:  0    Dex: 11    Spells: 10/13 levels left

rFire    . . .     SeeInvis .   n - +0 dagger (freeze)
rCold    . . .     Gourm    .   (no shield)
rNeg     . . .     Faith    .   (armour unavailable)
rPois    .         Spirit   .   (helmet restricted)
rElec    .         Reflect  .   (no cloak)
rCorr    +         Harm     .   o - +1 pair of gloves
MR       .....                  s - +0 pair of boots
Stlth    ++........             (no amulet)
HPRegen  0.17/turn              (no ring)
MPRegen  0.13/turn              (no ring)

@: lethally poisoned (0 -> -7)
A: spit acid, unfitting armour, cold-blooded, acid resistance, AC +6
a: Breathe Acid


You were on level 5 of the Dungeon.
You were very hungry.

You visited 1 branch of the dungeon, and saw 5 of its levels.

You collected 259 gold pieces.

Inventory:

Hand Weapons
 n - a +0 dagger of freezing (weapon)
Armour
 o - a +1 pair of gloves (worn)
 s - a +0 pair of boots (worn)
Wands
 f - a wand of paralysis (5)
 g - a wand of random effects (17)
Scrolls
 a - a scroll of magic mapping
 c - 2 scrolls of teleportation
 j - 2 scrolls of enchant weapon {unknown}
 l - a scroll of enchant armour {unknown}
 m - 2 scrolls of blinking {unknown}
 q - 2 scrolls of fear
Potions
 e - 2 potions of curing
 i - a potion of might
 k - a potion of brilliance
 p - a potion of agility
Comestibles
 b - 10 rations


   Skills:
 + Level 1.4 Fighting
 + Level 2.5 Short Blades
 + Level 3.3 Dodging
 + Level 2.7 Stealth
 + Level 1.3 Unarmed Combat
 + Level 3.7 Spellcasting
 + Level 5.4 Conjurations


You had 10 spell levels left.
You knew the following spells:

 Your Spells              Type           Power        Failure   Level  Hunger
a - Magic Dart            Conj           ###.         1%          1    None
b - Searing Ray           Conj           ###...       3%          2    ##.....

Your spell library contained the following spells:

 Spells                   Type           Power        Failure   Level  Hunger
 Dazzling Flash           Conj/Hex       ##....       19%         3    ###....
 Fulminant Prism          Conj/Hex       ##........   52%         4    ####...
 Iskenderun's Mystic Bla  Conj/Tloc      ##......     52%         4    ####...


Dungeon Overview and Level Annotations

Branches:
Dungeon (5/15)
 Temple: D:4-7

Altars:
Ashenzari


Innate Abilities, Weirdness & Mutations

You can spit globs of acid.
Your golden yellow scales are hard. (AC +6)
You cannot fit into any form of body armour.
You are cold-blooded and may be slowed by cold attacks.
You are resistant to acid. (rCorr)


Message History

* * * LOW HITPOINT WARNING * * *
You are lethally poisoned!
The adder poisons you!
* * * LOW HITPOINT WARNING * * *
You feel sick. The adder closely misses you.
* * * LOW HITPOINT WARNING * * *
You feel sick. The adder completely misses you.
* * * LOW HITPOINT WARNING * * *
You feel sick. The adder misses you.
* * * LOW HITPOINT WARNING * * *
You feel sick. The adder misses you. x2
* * * LOW HITPOINT WARNING * * *
You feel sick. The adder barely misses you.
* * * LOW HITPOINT WARNING * * *
You feel sick. The adder barely misses you.
* * * LOW HITPOINT WARNING * * *
You feel sick. The adder closely misses you. The adder barely misses you.
* * * LOW HITPOINT WARNING * * *
You feel sick. The adder bites you.
You die...

#..........
##......###
...#####...#....#
.........###.#....
..........####....
...........## .
............##
.............##
.............@#
.............S...)#
.....................
...................
.###..............
###....$.......
#............
#..........#.


You could see an adder.

Vanquished Creatures
  Menkaure (D:5)
  2 howler monkeys (D:4)
  2 hounds (D:4)
  Jessica (D:3)
  Ijyb (D:4)
  An iguana (D:4)
  An orc wizard (D:4)
  A worker ant (D:4)
  A worker ant zombie (D:3)
  5 adders
  An ooze (D:3)
  A worm (D:3)
  3 leopard geckos
  10 orcs
  3 giant cockroaches
  8 goblins
  6 hobgoblins
  11 jackals
  A ball python (D:2)
  11 bats
  4 frilled lizards
  A jackal skeleton (D:4)
  7 kobolds
  4 rats
87 creatures vanquished.

Notes
Turn   | Place    | Note
-------+----------+-------------------------------------------
     0 | D:1      | Lugonue the Draconian Conjurer began the quest for the Orb.
     0 | D:1      | Reached XP level 1. HP: 14/14 MP: 3/3
   235 | D:1      | Reached XP level 2. HP: 17/20 MP: 0/5
  1150 | D:2      | Reached XP level 3. HP: 26/26 MP: 0/6
  1283 | D:2      | Learned a level 2 spell: Searing Ray
  2299 | D:2      | Reached XP level 4. HP: 33/33 MP: 8/8
  2593 | D:3      | Noticed Jessica
  2601 | D:3      | Killed Jessica
  2601 | D:3      | Reached skill level 5 in Conjurations
  2792 | D:3      | Reached skill level 1 in Short Blades
  2841 | D:3      | Reached XP level 5. HP: 38/38 MP: 6/9
  3070 | D:4      | Reached skill level 1 in Unarmed Combat
  3444 | D:4      | Reached XP level 6. HP: 38/46 MP: 6/11
  3534 | D:4      | Noticed Ijyb
  3537 | D:4      | Reached skill level 1 in Fighting
  3581 | D:4      | Killed Ijyb
  3926 | D:5      | Entered Level 5 of the Dungeon
  3962 | D:5      | Found a shattered altar of Ashenzari.
  3988 | D:5      | Noticed Menkaure
  4000 | D:5      | Killed Menkaure
  4000 | D:5      | Your scales start taking on a golden yellow colour.
  4000 | D:5      | Reached XP level 7. HP: 52/52 MP: 6/12
  4000 | D:5      | Gained mutation: You are resistant to acid. (rCorr) [Yellow
                  | Draconian growth]
  4156 | D:5      | Slain by an adder

Levels and vault maps discovered:
D:1:      minmay_arrival_plants_in_alcoves, layout_loops_ring, dk_noncrumbling_3
D:2:      layout_basic, minmay_vboxes
D:3:      layout_loops_ring, first_ration, due_unseen_surprise, uniq_jessica
D:4:      layout_rooms, chequers_serial_rivers_marsh, uniq_ijyb
D:5:      layout_layer_cave, nicolae_ashenzari_panopticon,
          minmay_temple_entry_wispy, serial_shops, shop, uniq_menkaure,
          uniq_grinder

Skill      XL: |  1  2  3  4  5  6 |
---------------+-------------------+-----
Dodging        | 2 3 |  3.3
Stealth        | 2 |  2.7
Conjurations   | 5 |  5.4
Short Blades   | 1 2 |  2.5
Spellcasting   | 3 |  3.7
Unarmed Combat | 1 |  1.3
Fighting       | 1 |  1.4

Action                   |  1- 3 |  4- 6 |  7- 9 || total
-------------------------+-------+-------+-------++-------
Melee: Unarmed           |    71 |       |       ||    71
       Tailslap          |    10 |    17 |       ||    27
       Dagger            |    14 |   158 |       ||   172
 Cast: Magic Dart        |    62 |    18 |       ||    80
       Searing Ray       |     5 |    14 |       ||    19
  Use: Scroll            |       |    10 |       ||    10
       Potion            |       |     3 |       ||     3
 Stab: Sleeping          |       |     1 |       ||     1
  Eat: Chunk             |     5 |     6 |       ||    11
Armor: Skin              |    21 |    56 |    47 ||   124
Dodge: Dodged            |    63 |   120 |   114 ||   297

Table legend:
 A = Non-vault XP
 B = Vault XP
 C = Vault XP percentage of total XP
 D = Non-vault monster count
 E = Vault monster count
 F = Vault count percentage of total count
                 A         B        C        D         E       F
            +---------+---------+-------+---------+---------+-------
      Total |     500 |     267 |  34.8 |      76 |      11 |  12.6
            +---------+---------+-------+---------+---------+-------
        D:1 |      31 |       0 |   0.0 |      21 |       0 |   0.0
        D:2 |      41 |      25 |  37.9 |      17 |       8 |  32.0
        D:3 |      66 |      37 |  35.9 |      15 |       1 |   6.2
        D:4 |     349 |      36 |   9.4 |      22 |       1 |   4.3
        D:5 |      13 |     169 |  92.9 |       1 |       1 |  50.0
            +---------+---------+-------+---------+---------+-------
